 Dungeon Crawl Stone Soup version 0.22.0-27-ga576289 (webtiles) character file.

135 leisz the Poker (level 5, 0/41 HPs)
             Began as a Merfolk Skald on Aug 22, 2018.
             Was a Follower of the Shining One.
             Slain by Terence
             ... wielding a +0 trident
              (6 damage)
             ... on level 3 of the Dungeon.
             The game lasted 00:17:04 (3448 turns).

leisz the Poker (Merfolk Skald)                     Turns: 3448, Time: 00:17:04

Health: 0/41       AC:  5    Str: 13    XL:     5   Next: 18%
Magic:  9/9        EV: 13    Int: 12    God:    the Shining One [*.....]
Gold:   47         SH:  0    Dex: 13    Spells: 8/9 levels left

rFire    . . .     SeeInvis .   g - -2 hunting sling (curse)
rCold    . . .     Gourm    .   (no shield)
rNeg     . . .     Faith    .   b - +0 leather armour
rPois    .         Spirit   .   (no helmet)
rElec    .         Reflect  .   i - +0 cloak
rCorr    .         Harm     .   c - +0 pair of gloves
MR       .....                  (no boots)
Stlth    +.........             (no amulet)
HPRegen  0.13/turn              (no ring)
MPRegen  0.11/turn              (no ring)

@: glowing
A: change form in water, swift swim, stealthy swim
a: Renounce Religion


You were on level 3 of the Dungeon.
You worshipped the Shining One.
The Shining One was aware of your devotion.
You were not hungry.

You visited 1 branch of the dungeon, and saw 3 of its levels.

You collected 47 gold pieces.

Inventory:

Hand Weapons
 a - a +0 spear
 g - a cursed -2 hunting sling (weapon)
 k - a +0 hunting sling
Missiles
 h - 72 stones (quivered)
Armour
 b - a +0 leather armour (worn)
 c - a +0 pair of gloves (worn)
 i - a +0 cloak (worn)
Jewellery
 e - an uncursed ring of flight {unknown}
Potions
 f - a potion of cancellation {unknown}
 l - a potion of flight {unknown}
 m - a potion of agility {unknown}
Comestibles
 d - 3 rations
 j - 9 chunks of flesh


   Skills:
 + Level 3.1 Fighting
 + Level 4.2 Polearms
 + Level 0.1 Slings
 - Level 0.9 Armour
 + Level 3.8 Dodging
 + Level 2.7 Spellcasting
 + Level 4.0 Charms


You had 8 spell levels left.
You knew the following spells:

 Your Spells              Type           Power        Failure   Level  Hunger
a - Infusion              Chrm           ##..         6%          1    #......

Your spell library contained the following spells:

 Spells                   Type           Power        Failure   Level  Hunger
 Song of Slaying          Chrm           ##......     10%         2    ###....
 Shroud of Golubria       Chrm/Tloc      #.........   22%         2    ###....
 Regeneration             Chrm/Necr      #.........   38%         3    ###....
 Spectral Weapon          Hex/Chrm       #.......     38%         3    ###....


Dungeon Overview and Level Annotations

Branches:
Dungeon (3/15)

Altars:
The Shining One

Annotations:
D:3 Terence


Message History

Aim: Terence, wielding a trident and wearing a scale mail (severely wounded)
You shoot a stone.
The stone hits Terence but does no damage.
Terence is severely wounded.
Terence hits you from afar with a trident.
* * * LOW HITPOINT WARNING * * *
Firing (i - inventory)
h - 74 stones (quivered)
Press: ? - help, Shift-Dir - straight line, f/p - Terence
Aim: Terence, wielding a trident and wearing a scale mail (severely wounded)
You shoot a stone.
The stone hits Terence but does no damage.
Terence is severely wounded.
Terence hits you but does no damage.
Firing (i - inventory)
h - 73 stones (quivered)
Press: ? - help, Shift-Dir - straight line, f/p - Terence
Aim: Terence, wielding a trident and wearing a scale mail (severely wounded)
You shoot a stone. The stone hits Terence.
Terence is almost dead.
Terence hits you from afar with a trident.
You die...

#....)....# #......##
#.........#.########.....#
#.........#..............#
#.........#########......##
#........## #.......#
#........# ####.#####.#
#........# #....# ##
##......## #.#### #......#
#@# #......# #.# #......#
#@# ..[...(J...#
...........# ...........#
>?.........# .....(.....#
...........#


You could see Terence and an ooze.

Vanquished Creatures
  3 adders (D:2)
  3 oozes
  A dart slug (D:1)
  6 leopard geckos
  5 giant cockroaches
  10 goblins
  3 hobgoblins
  19 jackals
  3 quokkas (D:2)
  6 bats
  5 frilled lizards
  8 kobolds
  8 rats
80 creatures vanquished.

Notes
Turn   | Place    | Note
-------+----------+-------------------------------------------
     0 | D:1      | leisz the Merfolk Skald began the quest for the Orb.
     0 | D:1      | Reached XP level 1. HP: 16/16 MP: 3/3
    79 | D:1      | Reached XP level 2. HP: 21/22 MP: 5/5
   742 | D:1      | Reached XP level 3. HP: 24/28 MP: 6/6
  1413 | D:2      | Reached XP level 4. HP: 5/34 MP: 5/7
  2640 | D:2      | Reached XP level 5. HP: 19/41 MP: 6/9
  2948 | D:2      | Found a faded altar of an unknown god.
  2951 | D:2      | Became a worshipper of the Shining One
  2951 | D:2      | Reached * piety under the Shining One
  3416 | D:3      | Noticed Terence
  3448 | D:3      | Slain by Terence

Skill      XL: |  1  2  3  4  5 |
---------------+----------------+-----
Dodging        | 3 |  3.8
Fighting       | 3 |  3.1
Polearms       | 4 |  4.2
Charms         | 4 |  4.0
Slings         | |  0.1
Armour         | |  0.9
Spellcasting   | |  2.7

Action                   |  1- 3 |  4- 6 || total
-------------------------+-------+-------++-------
Melee: Spear             |   132 |       ||   132
       Hunting sling     |       |     8 ||     8
       Tailslap          |       |     1 ||     1
 Fire: Hunting sling     |    20 |   302 ||   322
Throw: Stone             |    17 |       ||    17
       Throwing net      |       |     1 ||     1
 Cast: Infusion          |     4 |     6 ||    10
  Use: Scroll            |       |     5 ||     5
 Stab: Sleeping          |     1 |       ||     1
  Eat: Chunk             |     2 |     1 ||     3
       Ration            |       |     2 ||     2
Armor: Leather armour    |    29 |    53 ||    82
Dodge: Dodged            |   113 |   214 ||   327
